 Dungeon Crawl Stone Soup version 0.28.0-53-g5a82cb258f (webtiles) character file.

Game seed: 5547199120701845630

765 SanguineChosen the Chopper (level 7, -1/62 HPs)
             Began as a Minotaur Berserker on Aug 5, 2022.
             Was a Priest of Trog.
             Slain by a gargoyle
             ... wielding a +0 flail
              (5 damage)
             ... on level 5 of the Dungeon.
             The game lasted 00:13:40 (4726 turns).

SanguineChosen the Chopper (Minotaur Berserker)     Turns: 4726, Time: 00:13:41

Health: -1/62      AC: 13    Str: 29    XL:     7   Next: 51%
Magic:  6/6        EV:  9    Int:  4    God:    Trog [***...]
Gold:   333        SH:  3    Dex: 10    Spells: 6/6 levels left

rFire   + . .      SeeInvis .   l - +1 war axe
rCold   . . .      Faith    .   g - +0 buckler
rNeg    + . .      Spirit   .   k - +0 chain mail
rPois   .          Reflect  .   (helmet restricted)
rElec   .          Harm     .   a - +1 cloak of the Enchanted Forest {rF+ rN+}
rCorr   .          Rampage  .   n - +0 pair of gloves
Will    .....                   (no boots)
Stlth   ..........              (no amulet)
HPRegen 0.20/turn               r - +6 ring of strength
MPRegen 0.10/turn               (no ring)

@: about to teleport
A: horns 2, retaliatory headbutt
a: Renounce Religion, Berserk, Trog's Hand


You were on level 5 of the Dungeon.
You worshipped Trog.
Trog was most pleased with you.
You visited 1 branch of the dungeon, and saw 5 of its levels.

You collected 333 gold pieces.

Inventory:

Hand Weapons
 l - a +1 war axe (weapon)
Missiles
 d - a throwing net (quivered)
 s - 6 poisoned darts
Armour
 a - the +1 cloak of the Enchanted Forest (worn) {rF+ rN+}
   (You acquired it on level 3 of the Dungeon)

   rF:        It protects you from fire.
   rN:        It protects you from negative energy.
 g - a +0 buckler (worn)
 k - a +0 chain mail (worn)
 n - a +0 pair of gloves (worn)
Jewellery
 r - a +6 ring of strength (left hand)
Scrolls
 f - a scroll of torment {unknown}
 i - a scroll of acquirement
Potions
 c - a potion of heal wounds {unknown}
 e - 3 potions of haste
 h - 2 potions of flight {unknown}
 j - 2 potions of curing {unknown}
 m - 2 potions of cancellation {unknown}
 o - a potion of mutation {unknown}
 p - 2 potions of attraction {unknown}
 q - a potion of invisibility {unknown}
 t - a potion of lignification {unknown}


   Skills:
 + Level 5.6 Fighting
 + Level 7.9 Axes
 + Level 5.6 Armour
 + Level 3.0 Dodging


You had 6 spell levels left.
You didn't know any spells.
Your spell library was empty.

Dungeon Overview and Level Annotations

Branches:
Dungeon (5/15)             Temple (0/1) D:4

Altars:
Ashenzari
Qazlal
Vehumet

Shops:
D:1 *   D:3 [??

Annotations:
D:5 1 runed translucent door, Crazy Yiuf


Innate Abilities, Weirdness & Mutations

You have a pair of horns on your head.
You reflexively headbutt those who attack you in melee.


Message History

Trog accepts your kill.
You hit the orc priest. You headbutt the orc priest!
The orc priest is almost dead.
The orc priest miscasts a cantrip.
You hit the orc priest but do no damage.
You headbutt the orc priest.
You kill the orc priest!
Trog accepts your kill.
You slash the ogre!
The ogre is heavily wounded.
The ogre barely misses you. You furiously retaliate!
You headbutt the ogre!
You kill the ogre!
Trog accepts your kill.
There is an open door, spattered with blood here.
Items here: )) [ †.
Okay, then.
You start resting.
Something unseen opens the door.
A dart slug comes into view.
A dart slug is nearby!
The dart slug moves out of view.
There is an open door, spattered with blood here.
Items here: )) [ †.
The gargoyle hurls a stone arrow at you.
The stone arrow hits you!
You hit the gargoyle.
The gargoyle is lightly damaged.
You block the gargoyle's attack.
You hit the gargoyle but do no damage.
The gargoyle is lightly damaged.
The gargoyle hits you with a +0 flail!! x2
* * * LOW HITPOINT WARNING * * *
You barely miss the gargoyle.
You headbutt the gargoyle, but do no damage.
The gargoyle is lightly damaged.
The gargoyle completely misses you. You furiously retaliate!
You headbutt the gargoyle.
As you read the scroll of teleportation, it crumbles to dust.
You feel strangely unstable. The gargoyle hits you with a +0 flail.
You die...

..###.#..,***,**,,,,,,,,,,,,,**,*
..#...#..,,,,,,,,,,,,,,,,,,,,,,**
.........,,,,,,,,,,,,,,,,,,,,***
.........,,**,,,,,,,,,,,,,,,**
.....##..,,,,,,,,,,,*,,,*,,,,*
....###..*,*,,,,,,,**,,,*,,,,*
....#.#..#########*****,,,,,,*
........#.†.†....#######,,,,,*
..........#.....@9w....#*,,,**
.........>#......#.....#**,,*
..........#......#.....#**,,***
.##.......#......#.9...#*,,,,,*
..........#......#.....#*,,,,**
..........###########w##,,,,,*
..........#..+,,,#r,,.#,,,,,,*
..........#,,*,,,*,,,.#,,,,,,**
..........#*+*,,,+,,,,*,,,,,,,**


You could see a gargoyle and a dart slug.

Vanquished Creatures
  A sky beast (D:4)
  An ice beast (D:5)
  An ogre (D:5)
  2 scorpions
  A centaur zombie (D:5)
  A hound (D:5)
  3 orc priests
  Ijyb (D:4)
  An iguana (D:5)
  3 gnolls
  6 adders
  An ufetubus (D:4)
  A dart slug (D:2)
  6 orcs
  7 endoplasms
  7 giant cockroaches
  7 goblins
  6 hobgoblins
  8 jackals
  2 quokkas (D:3)
  9 ball pythons
  7 bats
  2 frilled lizards (D:1)
  6 kobolds
  6 rats
96 creatures vanquished.

Vanquished Creatures (others)
  2 plants (D:1)
2 creatures vanquished.

Grand Total: 98 creatures vanquished

Notes
Turn   | Place    | Note
-------+----------+-------------------------------------------
     0 | D:1      | SanguineChosen the Minotaur Berserker began the quest for
                  | the Orb.
     0 | D:1      | Reached XP level 1. HP: 19/19 MP: 0/0
   126 | D:1      | Reached skill level 4 in Axes
   126 | D:1      | Reached XP level 2. HP: 21/27 MP: 1/1
   195 | D:1      | Found a faded altar of an unknown god.
   339 | D:1      | Found Wobaowea's Assorted Antiques.
   408 | D:1      | Reached XP level 3. HP: 32/33 MP: 2/2
   707 | D:1      | Reached ** piety under Trog
  1517 | D:2      | Found a broken altar of Ashenzari.
  1586 | D:3      | Identified 2 scrolls of acquirement
  1586 | D:3      | Acquired the +1 cloak of the Enchanted Forest {rF+ rN+}
  1629 | D:3      | Reached XP level 4. HP: 40/41 MP: 3/3
  1849 | D:3      | Reached skill level 5 in Axes
  2135 | D:3      | Found Cuonul's Magic Scroll Emporium.
  2203 | D:3      | Found Feggim Wass's Antique Armour Boutique.
  2384 | D:3      | Found Iniceij's Magic Scroll Boutique.
  2809 | D:4      | Reached XP level 5. HP: 47/47 MP: 4/4
  2926 | D:4      | Reached *** piety under Trog
  3040 | D:4      | Found a staircase to the Ecumenical Temple.
  3053 | D:4      | Noticed Ijyb
  3053 | D:4      | Paralysed by Ijyb for 3 turns
  3060 | D:4      | Killed Ijyb
  3078 | D:4      | Reached skill level 6 in Axes
  3156 | D:4      | Found a stormy altar of Qazlal.
  3266 | D:4      | Found a radiant altar of Vehumet.
  3803 | D:5      | Entered Level 5 of the Dungeon
  3808 | D:5      | Noticed a sky beast
  3822 | D:4      | Reached XP level 6. HP: 12/53 MP: 5/5
  4130 | D:4      | Killed a sky beast
  4295 | D:5      | Reached skill level 5 in Fighting
  4427 | D:5      | Found a runed translucent door.
  4428 | D:5      | Noticed Crazy Yiuf
  4463 | D:5      | Reached skill level 7 in Axes
  4532 | D:5      | Noticed a gargoyle
  4539 | D:5      | Reached skill level 5 in Armour
  4544 | D:5      | Reached XP level 7. HP: 45/61 MP: 6/6
  4726 | D:5      | Slain by a gargoyle

Illustrated notes

Levels and vault maps discovered:
D:1:      matt_arrival_los_fun, layout_basic,
          dreamdust_ecumenical_altar_hidden_monk_grotto, serial_shops,
          nicolae_shop_hallway_stairs, minivault_4, serial_bayou_pond_a,
          minmay_pentomino_r4
D:2:      layout_basic, basic_altar
D:3:      minmay_bubble_buster, layout_loops_corners, serial_shops, shop,
          shop_fountains, shop, grunt_decor_arrowhead
D:4:      layout_layer_cave, grunt_qazlal_sundering, overflow_temple_1_default,
          temple_pool_b, uniq_ijyb
D:5:      minmay_clustersquares, layout_cave_pools, minmay_misc_feat_cross,
          uniq_duvessa, uniq_grinder, uniq_crazy_yiuf_cottage

Skill      XL: |  1  2  3  4  5  6  7 |
---------------+----------------------+-----
Axes           | 4 5 6 7 |  7.9
Fighting       | 4 5 |  5.6
Armour         | 3 4 5 |  5.6
Dodging        | 3 |  3.0

Action                   |  1- 3 |  4- 6 |  7- 9 || total
-------------------------+-------+-------+-------++-------
Melee: Hand axe          |    85 |       |       ||    85
       Headbutt          |    15 |    14 |     6 ||    35
       War axe           |     5 |    93 |    15 ||   113
       Punch             |     1 |       |       ||     1
  Use: Scroll            |     2 |     4 |     1 ||     7
Armor: Leather armour    |    22 |       |       ||    22
       Chain mail        |    14 |    49 |     5 ||    68
Dodge: Dodged            |    63 |    36 |     4 ||   103
Block: Buckler           |     3 |     6 |     2 ||    11
